 Dungeon Crawl Stone Soup version 0.28-a0-1002-gf00fe891ef (webtiles) character file.

Game seed: 14964070636884726757

935 r3xj the Basher (level 7, -1/85 HPs)
             Began as a Minotaur Berserker on Dec 6, 2021.
             Was a Priest of Trog.
             Slain by a killer bee (6 damage)
             ... on level 4 of the Dungeon.
             The game lasted 00:08:33 (4821 turns).

r3xj the Basher (Minotaur Berserker)                Turns: 4821, Time: 00:08:34

Health: -1/85      AC:  8    Str: 22    XL:     7   Next: 87%
Magic:  6/6        EV:  8    Int:  4    God:    Trog [***...]
Gold:   181        SH:  0    Dex: 11    Spells: 6/6 levels left

rFire   . . .      SeeInvis .   f - +1 dagger (speed)
rCold   . . .      Faith    .   (no shield)
rNeg    . . .      Spirit   .   l - +0 chain mail
rPois   .          Reflect  .   (helmet restricted)
rElec   .          Harm     .   (no cloak)
rCorr   .          Rampage  .   (no gloves)
Will    .....                   (no boots)
Stlth   ..........              (no amulet)
HPRegen 0.24/turn               (no ring)
MPRegen 0.10/turn               (no ring)

@: berserking, lethally poisoned (-1 -> -31), very quick
A: horns 2, retaliatory headbutt
a: Renounce Religion, Berserk, Trog's Hand


You were on level 4 of the Dungeon.
You worshipped Trog.
Trog was most pleased with you.
You visited 1 branch of the dungeon, and saw 4 of its levels.

You collected 181 gold pieces.

Inventory:

Hand Weapons
 a - a +0 mace
 f - a +1 dagger of speed (weapon)
 m - a +0 hand axe of draining
 s - a +2 falchion of protection
 u - a +0 hunting sling
 v - a +3 whip
 x - a +0 whip of flaming
Missiles
 h - 17 poisoned darts (quivered)
 i - 73 stones
 t - 13 sling bullets
Armour
 l - a +0 chain mail (worn)
 y - a +2 robe of willpower
Wands
 b - a wand of iceblast (5)
 w - a wand of flame (6)
Scrolls
 d - a scroll of enchant armour {unknown}
 e - 4 scrolls of identify {unknown}
 g - 2 scrolls of enchant weapon {unknown}
 k - a scroll of acquirement {unknown}
 n - 2 scrolls of amnesia {unknown}
 p - a scroll of torment {unknown}
 r - a scroll of brand weapon {unknown}
Potions
 c - a potion of invisibility {unknown}
 j - 2 potions of degeneration {unknown}
 o - 2 potions of curing {unknown}
 q - 2 potions of flight {unknown}
 z - a potion of lignification {unknown}
 A - a potion of attraction {unknown}
 B - a potion of haste {unknown}
 C - a potion of mutation {unknown}


   Skills:
 - Level 3.6 Fighting
 + Level 11.3 Maces & Flails
 - Level 2.4 Armour
 - Level 2.1 Dodging


You had 6 spell levels left.
You didn't know any spells.
Your spell library was empty.

Dungeon Overview and Level Annotations

Branches:
Dungeon (4/15)
 Temple: D:4-7

Altars:
Vehumet

Shops:
D:1 *


Innate Abilities, Weirdness & Mutations

You have a pair of horns on your head.
You reflexively headbutt those who attack you in melee.


Message History

You headbutt the killer bee, but do no damage.
You closely miss the killer bee.
The killer bee is heavily wounded.
You feel sick.
The killer bee stings you but does no damage.
The killer bee stings you!
You are more poisoned.
The killer bee poisons you! The killer bee stings you.
A red film seems to cover your vision as you go berserk!
You feel yourself moving faster!
You feel mighty!
You feel very sick. The killer bee stings you.
You are more poisoned.
The killer bee poisons you! The killer bee closely misses you.
The killer bee barely misses you. The killer bee stings you.
* * * LOW HITPOINT WARNING * * *
You are lethally poisoned!
The killer bee poisons you! The killer bee stings you!
* * * LOW HITPOINT WARNING * * *
The killer bee stings you but does no damage.
You miss the killer bee.
The killer bee is heavily wounded.
* * * LOW HITPOINT WARNING * * *
You feel very sick. The killer bee stings you.
* * * LOW HITPOINT WARNING * * *
You are more poisoned.
The killer bee poisons you!
The killer bee stings you but does no damage.
The killer bee barely misses you.
You are too berserk!
You puncture the killer bee!
You kill the killer bee!
Trog accepts your kill.
* * * LOW HITPOINT WARNING * * *
You feel very sick. The killer bee stings you.
* * * LOW HITPOINT WARNING * * *
The killer bee stings you.
You die...

........)........
.........##......#..
.........##........
..................##....#
.........##........#....#
.........##......# ....>#
.........##......# #....#
........###......# #....#
....##...##....†@###....#
....##.#.####.##yy##....#
>....#.#.#....###.......#
........)[....# #.#...###
#.##........### #.....#
#.###...)...# ####..# #.#
#.....<.# #.(.#
#.###......## ###.#
........#.## .#


You could see 2 killer bees.

Vanquished Creatures
  Pikel (D:3)
  Duvessa (D:4)
  4 lemures (D:3)
  Dowan (D:4)
  A killer bee (D:4)
  A centaur zombie (D:3)
  A bullfrog skeleton (D:4)
  An orc priest (D:3)
  2 hounds
  An orc wizard (D:3)
  A hound skeleton (D:4)
  Robin (D:3)
  4 adders
  An adder skeleton (D:4)
  3 worms
  3 dart slugs
  6 orcs
  6 ball pythons
  5 bats
  6 endoplasms
  3 giant cockroaches
  15 goblins
  9 hobgoblins
  6 quokkas
  3 frilled lizards
  10 kobolds
  7 rats
103 creatures vanquished.

Notes
Turn   | Place    | Note
-------+----------+-------------------------------------------
     0 | D:1      | r3xj the Minotaur Berserker began the quest for the Orb.
     0 | D:1      | Reached XP level 1. HP: 19/19 MP: 0/0
   140 | D:1      | Reached skill level 4 in Maces & Flails
   547 | D:1      | Found a faded altar of an unknown god.
   596 | D:1      | Found Vetalo's General Store.
   636 | D:1      | Reached XP level 2. HP: 26/26 MP: 1/1
  1104 | D:1      | Reached skill level 5 in Maces & Flails
  1483 | D:2      | Reached XP level 3. HP: 31/31 MP: 2/2
  1584 | D:2      | Reached ** piety under Trog
  1974 | D:2      | Reached skill level 6 in Maces & Flails
  1974 | D:2      | Reached XP level 4. HP: 38/39 MP: 3/3
  2287 | D:3      | Found a radiant altar of Vehumet.
  2339 | D:3      | Noticed Robin
  2353 | D:3      | Killed Robin
  2462 | D:3      | Reached XP level 5. HP: 31/45 MP: 4/4
  2482 | D:3      | Reached skill level 7 in Maces & Flails
  2992 | D:3      | Reached *** piety under Trog
  3431 | D:4      | Noticed Pikel
  3431 | D:4      | Noticed a lemure
  3431 | D:4      | Noticed a lemure
  3431 | D:4      | Noticed a lemure
  3431 | D:4      | Noticed a lemure
  3440 | D:3      | Killed a lemure
  3575 | D:4      | Noticed Duvessa
  3576 | D:4      | Noticed Dowan
  3712 | D:3      | Killed a lemure
  3716 | D:3      | Killed a lemure
  3817 | D:3      | Killed a lemure
  4189 | D:3      | Reached skill level 8 in Maces & Flails
  4198 | D:4      | Reached XP level 6. HP: 45/51 MP: 5/5
  4207 | D:3      | Killed Pikel
  4208 | D:3      | Reached skill level 10 in Maces & Flails
  4208 | D:3      | Reached XP level 7. HP: 57/57 MP: 6/6
  4322 | D:4      | Killed Duvessa
  4486 | D:4      | Killed Dowan
  4487 | D:4      | Reached skill level 11 in Maces & Flails
  4821 | D:4      | Slain by a killer bee

Illustrated notes

Levels and vault maps discovered:
D:1:      shiori_arrival_maze, layout_loops_cross, serial_shops,
          nicolae_shop_hallway_stairs, basic_ecumenical_altar,
          dk_noncrumbling_3, minmay_3d_cube
D:2:      layout_rooms, minmay_pentomino_x4
D:3:      kennysheep_six_static_rooms, layout_basic,
          mainiacjoe_overflow_cross_hatched, uniq_robin
D:4:      layout_rooms, uniq_duvessa, uniq_pikel, uniq_crazy_yiuf_cottage

Skill      XL: |  1  2  3  4  5  6  7 |
---------------+----------------------+-----
Maces & Flails | 4 5 6 8 10 11 | 11.3
Fighting       | |  3.6
Armour         | |  2.4
Dodging        | |  2.1

Action                   |  1- 3 |  4- 6 |  7- 9 || total
-------------------------+-------+-------+-------++-------
Melee: Mace              |    44 |       |       ||    44
       Headbutt          |    17 |    37 |    12 ||    66
       Dagger            |    58 |   164 |    60 ||   282
Throw: Dart              |       |       |     6 ||     6
Invok: Berserk           |       |     4 |     3 ||     7
 Stab: Sleeping          |     2 |       |       ||     2
Armor: Animal skin       |     4 |       |       ||     4
       Leather armour    |    19 |     1 |       ||    20
       Chain mail        |       |    59 |    26 ||    85
Dodge: Dodged            |    71 |    60 |    28 ||   159

Table legend: (Time is in decaauts)
 A = Elapsed time spent in this place.
 B = Non-inter-level travel time spent in this place.
 C = Inter-level travel time spent in this place.
 D = Time resting spent in this place.
 E = Time spent auto-exploring this place.
 F = Levels seen in this place.
 G = Mean time per level.
                   A        B        C        D        E       F      G
               +--------+--------+--------+--------+--------+-----+--------+
         Total |   4801 |   4355 |    446 |   1404 |   2256 |   4 | 1200.2 |
       Dungeon |   4801 |   4355 |    446 |   1404 |   2256 |   4 | 1200.2 |
               +--------+--------+--------+--------+--------+-----+--------+

Top non-repeatable levels by time:
     D:3: 2220 daAuts
     D:1: 1470 daAuts
     D:2: 677 daAuts
     D:4: 432 daAuts
